 Dungeon Crawl Stone Soup version 0.21-a0-529-g8c7b3f5 (webtiles) character file.

801 Gerstahl the Slasher (level 8, -1/64 HPs)
             Began as a Human Monk on Dec 10, 2017.
             Splashed by a jelly's acid (8 damage)
             ... on level 4 of the Dungeon.
             The game lasted 00:07:56 (5271 turns).

Gerstahl the Slasher (Human Monk)                   Turns: 5271, Time: 00:07:57

Health: -1/64      AC: -1    Str: 16    XL:     8   Next: 14%
Magic:  8/8        EV: 16    Int: 11    God:
Gold:   202        SH:  0    Dex: 18    Spells: 7/7 levels left

rFire    . . .     SeeInvis .   a - +0 falchion
rCold    . . .     Gourm    .   (no shield)
rNeg     . . .     Faith    .   l - +1 robe of Philately {Str+5}
rPois    .         Spirit   .   n - +1 helmet
rElec    .         Reflect  .   (no cloak)
rCorr    .         Harm     .   e - +1 pair of gloves
MR       .....                  (no boots)
Stlth    ++........             (no amulet)
HPRegen  0.20/turn              (no ring)
MPRegen  0.11/turn              (no ring)

@: corroded, starving
A: no striking features
a: no special abilities


You were on level 4 of the Dungeon.
You were starving.

You visited 1 branch of the dungeon, and saw 4 of its levels.

You collected 202 gold pieces.

Inventory:

Hand Weapons
 a - a +0 falchion (weapon)
Armour
 b - a +0 robe
 e - a +1 pair of gloves (worn)
 l - the +1 robe of Philately (worn) {Str+5}
   (You found it on level 4 of the Dungeon)

   It affects your strength (+5).
 n - a +1 helmet (worn)
Scrolls
 f - a scroll of enchant armour {unknown}
 g - a scroll of remove curse {unknown}
 h - 2 scrolls of teleportation {unknown}
 j - a scroll of fear {unknown}
 m - a scroll of identify {unknown}
Potions
 i - a potion of magic {unknown}
 k - a potion of brilliance {unknown}
Comestibles
 c - 2 bread rations
 d - a meat ration
 p - 8 fruits


   Skills:
 + Level 5.7 Fighting
 + Level 5.7 Long Blades
 + Level 5.7 Dodging
 - Level 2.0 Stealth


You had 7 spell levels left.
You didn't know any spells.

Dungeon Overview and Level Annotations

Branches:
Dungeon (4/15)
 Temple: D:4-7

Altars:
Fedhas
Kikubaaqudgha
Okawaru


Message History

The jelly is moderately wounded.
The jelly closely misses you.
You riposte.
You hit the jelly.
The jelly is heavily wounded.
You slash the jelly! The acid corrodes you!
Your hands burn!
The jelly is almost dead.
The jelly hits you.
You are splashed with acid!
The acid burns!
You hit the jelly but do no damage.
Your hands burn!
The jelly is almost dead.
The jelly closely misses you.
You completely miss the jelly.
The jelly is almost dead.
The jelly hits you.
You are splashed with acid!
The acid burns!
* * * LOW HITPOINT WARNING * * *
You hit the jelly but do no damage.
Your hands burn!
* * * LOW HITPOINT WARNING * * *
The jelly is almost dead.
The jelly hits you.
* * * LOW HITPOINT WARNING * * *
The acid corrodes you!
You are splashed with acid!
The acid burns!
You die...

# #.############## ###..# # #.#
### #[.#
######.##[.J..÷##.####### #..#
....##.##.JP.PP#.#.#....####..#
....##.##......#.#.#.....##...#
....##.##÷.PPP.#)#'#......'...#
....##.##......#.#........'...#
....'..##P...JJ#.#..(.....'...###
....##.##÷J....#@#.......##.....#
...###.##P....JJ##......###..##.#
##.###.##.....÷############......
#.....######## #######..###.#
#####.#############.......(# #)#
#....................#.# #.#
########.#..########.#.###.#
#.#..# #.#.##..) #.#..# #.#.#####


You could see a jelly and an ooze.

Vanquished Creatures
  The ghost of Gerstahl the Slasher, an amateur HuMo (D:4)
  An ice beast (D:4)
  2 hounds (D:4)
  A jelly (D:4)
  2 orc priests (D:4)
  An orc wizard (D:4)
  An iguana (D:4)
  2 worker ants (D:4)
  2 hound skeletons
  A gnoll (D:2)
  7 adders
  5 oozes (D:4)
  2 worms
  3 dart slugs
  3 leopard geckos
  9 orcs
  A bat zombie (D:2)
  4 giant cockroaches
  10 goblins
  11 hobgoblins
  4 jackals (D:4)
  15 kobolds
  3 quokkas
  A ball python (D:3)
  9 bats
  7 frilled lizards
  6 rats
  2 rat zombies (D:2)
116 creatures vanquished.

Vanquished Creatures (others)
  An orc wizard (D:4)
  8 toadstools (D:4)
9 creatures vanquished.

Grand Total: 125 creatures vanquished

Notes
Turn   | Place    | Note
-------+----------+-------------------------------------------
     0 | D:1      | Gerstahl the Human Monk began the quest for the Orb.
     0 | D:1      | Reached XP level 1. HP: 18/18 MP: 1/1
   174 | D:1      | Reached XP level 2. HP: 24/24 MP: 2/2
   307 | D:1      | Reached XP level 3. HP: 27/29 MP: 3/3
  1208 | D:2      | Reached XP level 4. HP: 17/36 MP: 4/4
  1605 | D:2      | Found an iron altar of Okawaru.
  1636 | D:2      | Found an ancient bone altar of Kikubaaqudgha.
  1999 | D:3      | Reached XP level 5. HP: 17/42 MP: 5/5
  2559 | D:3      | Found a blossoming altar of Fedhas.
  2803 | D:4      | Reached XP level 6. HP: 33/49 MP: 6/6
  3129 | D:4      | Got a steaming robe
  3277 | D:4      | Identified the +1 robe of Philately {Str+5} (You found it on level 4 of the Dungeon)
  3286 | D:4      | Noticed an ice beast
  4080 | D:4      | Reached XP level 7. HP: 38/55 MP: 7/7
  4087 | D:4      | Reached skill level 5 in Long Blades
  4087 | D:4      | Reached skill level 5 in Dodging
  4093 | D:4      | Reached skill level 5 in Fighting
  4403 | D:4      | Noticed Gerstahl's ghost (amateur HuMo)
  4452 | D:4      | Killed Gerstahl's ghost
  4897 | D:4      | Reached XP level 8. HP: 12/64 MP: 8/8
  5271 | D:4      | Splashed by a jelly's acid

Vault maps used:
D:1:      lemuel_arrival_muddy, hangedman_abyss_or_decor_lesser_grid,
          minivault_24
D:2:      nicolae_overflow_crystal_walls, lemuel_zombie_altar_kikubaaqudgha
D:3:      overflow_temple_1_default, first_bread
D:4:      cheibrodos_fertilizer

Skill      XL: |  1  2  3  4  5  6  7 |
---------------+----------------------+-----
Fighting       | 4 5 |  5.7
Long Blades    | 4 5 |  5.7
Dodging        | 4 5 |  5.7
Stealth        | |  2.0

Action                   |  1- 3 |  4- 6 |  7- 9 || total
-------------------------+-------+-------+-------++-------
Melee: Falchion          |    87 |   255 |    98 ||   440
  Use: Potion            |       |     4 |       ||     4
 Stab: Sleeping          |     6 |     7 |     1 ||    14
       Distracted        |       |     1 |       ||     1
  Eat: Chunk             |       |     5 |     3 ||     8
       Bread ration      |       |     1 |       ||     1
Armor: Robe              |    21 |    57 |    28 ||   106
Dodge: Dodged            |    90 |   234 |    54 ||   378
       Rpst.: Falchion   |    25 |    73 |    20 ||   118

Table legend:
 A = Spawn XP
 B = Non-spawn XP
 C = Spawn XP percentage of total XP
 D = Spawn monster count
 E = Non-spawn monster count
 F = Spawn count percentage of total count
 G = Total turns spent on level
                    A         B        C        D         E        F      G
               +---------+---------+-------+---------+---------+-------+---------
         Total |       0 |    1145 |   0.0 |       0 |     117 |   0.0 |  5271
               +---------+---------+-------+---------+---------+-------+---------
           D:1 |       0 |      54 |   0.0 |       0 |      31 |   0.0 |  1108
           D:2 |       0 |      69 |   0.0 |       0 |      19 |   0.0 |  1074
           D:3 |       0 |      91 |   0.0 |       0 |      26 |   0.0 |   583
           D:4 |       0 |     931 |   0.0 |       0 |      41 |   0.0 |  2506
               +---------+---------+-------+---------+---------+-------+---------
